 Dungeon Crawl Stone Soup version 0.29.1-15-g9cfb28693d (webtiles) character file.

Game seed: 11825057818605034827

51 booth the Chopper (level 3, -17/28 HPs)
             Began as a Demonspawn Gladiator on May 1, 2023.
             Demolished by Crazy Yiuf
             ... wielding a +3 quarterstaff of chaos
              (19 damage)
             ... on level 2 of the Dungeon.
             The game lasted 00:10:55 (1525 turns).

booth the Chopper (Demonspawn Gladiator)            Turns: 1525, Time: 00:10:55

Health: -17/28     AC:  5    Str: 28    XL:     3   Next: 57%
Magic:  3/3        EV: 13    Int: 12    God:
Gold:   37         SH:  0    Dex: 14    Spells: 1/2 levels left

rFire   . . .      SeeInvis .   r - +7 trident "Zeelolor" {venom, +Blink Str+6 Int+3}
rCold   . . .      Faith    .   (no shield)
rNeg    . . .      Spirit   .   b - +0 leather armour
rPois   .          Reflect  .   c - +0 helmet
rElec   .          Harm     .   (no cloak)
rCorr   .          Rampage  .   (no gloves)
Will    .....                   t - +0 pair of boots
Stlth   +.........              i - amulet of regeneration
HPRegen 0.89/turn               s - +6 ring of strength
MPRegen 0.08/turn               (no ring)

@: no status effects
A: sturdy frame 1
a: Evoke Blink


You were on level 2 of the Dungeon.
You visited 1 branch of the dungeon, and saw 2 of its levels.

You collected 37 gold pieces.

Inventory:

Hand Weapons
 a - a +0 war axe
 r - the +7 trident "Zeelolor" (weapon) {venom, +Blink Str+6 Int+3}
   (You found it on level 2 of the Dungeon)

   It poisons the flesh of those it strikes.
   Str:       It affects your strength (+6).
   Int:       It affects your intelligence (+3).
   +Blink:    It lets you blink.
Missiles
 d - 3 throwing nets (quivered)
 e - 5 javelins
 f - 2 silver javelins
 p - 4 poisoned darts
Armour
 b - a +0 leather armour (worn)
 c - a +0 helmet (worn)
 t - a +0 pair of boots (worn)
Jewellery
 i - an amulet of regeneration (around neck)
 s - a +6 ring of strength (left hand)
Scrolls
 g - 3 scrolls of immolation {unknown}
 j - 2 scrolls of teleportation {unknown}
 k - 4 scrolls of identify {unknown}
Potions
 h - a potion of heal wounds {unknown}
 l - a potion of mutation {unknown}
 m - a potion of magic {unknown}
 n - a potion of might {unknown}
 o - a potion of curing {unknown}
 q - 2 potions of brilliance {unknown}


   Skills:
 + Level 2.4 Fighting
 + Level 3.3 Axes
 * Level 0.2(2.0) Polearms
 + Level 2.2 Throwing
 + Level 3.0 Dodging


You had one spell level left.
You knew the following spells:

 Your Spells              Type           Power      Damage    Failure   Level
a - Necrotise             Necr           0%         1d4       32%         1

Your spell library contained the following spells:

 Spells                   Type           Power      Damage    Failure   Level
 Sublimation of Blood     Necr           0%         N/A       45%         2
 Vampiric Draining        Necr           0%         2d6       69%         3
 Animate Dead             Necr           0%         N/A       97%         4


Dungeon Overview and Level Annotations

Branches:
Dungeon (2/15)

Altars:
Kikubaaqudgha

Annotations:
D:2 Crazy Yiuf


Innate Abilities, Weirdness & Mutations

Your movements are slightly less encumbered by armour. (ER -2)


Message History

A bat comes into view.
Reach: r) +7 trident "Zeelolor" {venom, +Blink Str+6 Int+3}
Press: ? - help, Dir - move target, f - bat
Aim: a bat (about 45% to evade the +7 trident "Zeelolor")
You reach to attack!
You hit the bat but do no damage.
The bat is poisoned.
The bat closely misses you. The bat barely misses you.
You barely miss the bat.
The bat is severely wounded.
The bat closely misses you.
You kill the bat!
You see here a bat corpse.
Found a pair of boots.
You see here a +0 pair of boots.
t - a +0 pair of boots You start putting on your armour.
You continue putting on your +0 pair of boots. x4
You finish putting on your +0 pair of boots.
You see here a bat corpse.
There is a stone staircase leading down here.
There is an open door here.
You open the door.
Crazy Yiuf shouts!
Reach: r) +7 trident "Zeelolor" {venom, +Blink Str+6 Int+3}
Press: ? - help, Dir - move target, f - Crazy Yiuf
Aim: Crazy Yiuf, wielding a +3 quarterstaff of chaos and wearing a +2 cloak of stealth (about 30% to evade the +7 trident "Zeelolor")
You reach to attack!
You closely miss Crazy Yiuf. You hit Crazy Yiuf.
Crazy Yiuf is poisoned.
Crazy Yiuf is lightly wounded.
Crazy Yiuf laughs, "Action high sing!"
Crazy Yiuf hits you with a +3 quarterstaff of chaos!
Ouch! That really hurt!
Crazy Yiuf freezes you.
You closely miss Crazy Yiuf.
Crazy Yiuf is moderately wounded.
Crazy Yiuf barely misses you.
Crazy Yiuf hits you with a +3 quarterstaff of chaos!
* * * LOW HITPOINT WARNING * * *
Space warps horribly around you!!
Ouch! That really hurt!
You die...

###...##....#
#......
#...#######
#...... #...#
#...... #####
#...... #......
#...... ###
♣♣####.#####
#)..#♣♣ ♣♣..+.#.#
#...g@♣♣♣♣.......#
#...#♣..♣.......##
### ♣♣♣.♣...+..#
♣♣♣♣♣#####


You could see Crazy Yiuf (very poisoned).

Vanquished Creatures
  An adder (D:2)
  A worm (D:2)
  5 bats
  6 endoplasms
  2 giant cockroaches
  A goblin (D:1)
  4 hobgoblins
  3 kobolds
  A quokka (D:1)
  5 ball pythons
  3 frilled lizards (D:2)
  3 rats
35 creatures vanquished.

Vanquished Creatures (others)
  5 fungi (D:1)
  5 plants (D:1)
10 creatures vanquished.

Grand Total: 45 creatures vanquished

Notes
Turn   | Place    | Note
-------+----------+-------------------------------------------
     0 | D:1      | booth the Demonspawn Gladiator began the quest for the Orb.
     0 | D:1      | Reached XP level 1. HP: 16/16 MP: 1/1
   116 | D:1      | Gained mutation: Your movements are slightly less
                  | encumbered by armour. (ER -2) [demonic ancestry]
   116 | D:1      | Reached XP level 2. HP: 22/22 MP: 2/2
   721 | D:1      | Found a faded altar of an unknown god.
   725 | D:1      | Prayed at the altar of an unknown god.
   725 | D:1      | Became a worshipper of Kikubaaqudgha
   725 | D:1      | Reached * piety under Kikubaaqudgha
   725 | D:1      | Received a gift from Kikubaaqudgha
   732 | D:1      | Learned a level 1 spell: Necrotise
   732 | D:1      | Fell from the grace of Kikubaaqudgha
   819 | D:2      | Reached XP level 3. HP: 27/28 MP: 3/3
  1017 | D:2      | Identified the +7 trident "Zeelolor" {venom, +Blink Str+6
                  | Int+3}
  1050 | D:2      | Found a runed translucent door.
  1051 | D:2      | Noticed Crazy Yiuf
  1525 | D:2      | Demolished by Crazy Yiuf

Illustrated notes

Levels and vault maps discovered:
D:1:      lightli_molten_gateway, layout_basic, serial_glass, glass_columns_b,
          glass_columns_a, item_on_display_a,
          shapermc_ecumenical_altar_mp_urbaneastern, minmay_misc_feat_square
D:2:      layout_basic, uniq_crazy_yiuf_cottage

Skill      XL: |  1  2 |
---------------+-------+-----
Axes           | 3 |  3.3
Throwing       | 2 |  2.2
Dodging        | 3 |  3.0
Fighting       | |  2.4
Polearms       | |  0.2

Action                   || total
-------------------------++-------
Melee: War axe           ||    62
       Trident           ||    13
Invok: Renounce Religion ||     1
 Stab: Sleeping          ||     2
Armor: Leather armour    ||    17
Dodge: Dodged            ||    41
